 Dungeon Crawl Stone Soup version 0.26.1-2-gb8aa6d0cf2 (webtiles) character file.

Game seed: 7275481351234730855

217 FishyPogo the Caller (level 5, -2/35 HPs)
             Began as a Merfolk Summoner on Feb 22, 2021.
             Slain by a big kobold
             ... wielding a +0 dagger
              (5 damage)
             ... on level 3 of the Dungeon.
             The game lasted 00:17:02 (4281 turns).

FishyPogo the Caller (Merfolk Summoner)             Turns: 4281, Time: 00:17:03

Health: -2/35      AC:  4    Str:  8    XL:     5   Next: 94%
Magic:  5/8        EV: 17    Int: 16    God:
Gold:   200        SH:  4    Dex: 14    Spells: 4/8 levels left

rFire    . . .     SeeInvis .   n - +1 short sword (holy)
rCold    . . .     Faith    .   j - +0 buckler
rNeg     . . .     Spirit   .   m - +0 leather armour
rPois    .         Reflect  .   q - +0 helmet
rElec    .         Harm     .   (no cloak)
rCorr    .         Rampage  .   (no gloves)
Will     .....                  (no boots)
Stlth    ++........             o - amulet of magic regeneration
HPRegen  0.11/turn              y - +4 ring of evasion
MPRegen  0.36/turn              (no ring)

@: no status effects
A: change form in water, swift swim, stealthy swim
a: no special abilities


You were on level 3 of the Dungeon.
You visited 1 branch of the dungeon, and saw 4 of its levels.

You collected 200 gold pieces.

Inventory:

Hand Weapons
 a - a +0 spear
 n - a +1 short sword of holy wrath (weapon)
Missiles
 h - 86 stones
 v - 7 boomerangs
 B - 5 atropa-tipped darts
Armour
 g - a +0 crystal plate armour
 j - a +0 buckler (worn)
 m - a +0 leather armour (worn)
 q - a +0 helmet (worn)
Jewellery
 o - an amulet of magic regeneration (around neck)
 y - a +4 ring of evasion (left hand)
Wands
 A - a wand of flame (31)
Scrolls
 d - a scroll of magic mapping {unknown}
 e - 3 scrolls of teleportation {unknown}
 f - 3 scrolls of noise {unknown}
 k - 2 scrolls of fear {unknown}
 l - a scroll of remove curse {unknown}
 p - a scroll of identify {unknown}
 s - a scroll of random uselessness {unknown}
 u - 2 scrolls of amnesia {unknown}
Potions
 b - a potion of cancellation {unknown}
 c - a potion of heal wounds {unknown}
 i - a potion of flight {unknown}
 r - a potion of berserk rage {unknown}
 t - a potion of curing {unknown}
 w - a potion of brilliance {unknown}
 x - a potion of lignification {unknown}
 z - 2 potions of resistance {unknown}
 C - a potion of might {unknown}


   Skills:
 - Level 1.0 Polearms
 + Level 4.0 Dodging
 + Level 3.4 Stealth
 * Level 2.8 Shields
 - Level 2.0 Spellcasting
 * Level 5.1 Summonings


You had 4 spell levels left.
You knew the following spells:

 Your Spells              Type           Power        Failure   Level
a - Summon Small Mammal   Summ           72%          4%          1
c - Call Canine Familiar  Summ           18%          12%         3

Your spell library contained the following spells:

 Spells                   Type           Power        Failure   Level
 Call Imp                 Summ           18%          6%          2
 Summon Guardian Golem    Hex/Summ       9%           34%         3
 Summon Ice Beast         Ice/Summ       9%           75%         4
 Summon Lightning Spire   Summ/Air       9%           75%         4


Dungeon Overview and Level Annotations

Branches:
Dungeon (4/15)
 Temple: D:4-7

Altars:

Shops:
D:4 *::


Message History

The big kobold hits the plant with a +0 dagger!
The hound barely misses you.
You hit the hound.
You kill the hound!
A nearby plant withers and dies.
The big kobold hits you with a +0 dagger.
* * * LOW HITPOINT WARNING * * *
There is an open door here.
There is a stone staircase leading up here.
The big kobold hits you with a +0 dagger.
* * * LOW HITPOINT WARNING * * *
You climb upwards.
There is a stone staircase leading down here.
Casting: Summon Small Mammal (safe; 4% risk of failure)
Confirm with . or Enter, or press ? or * to list all spells.
The spell is quite dangerous to cast (12% risk of failure)!
Continue anyway? [Y]es or [N]o only, please.
The spell is quite dangerous to cast (12% risk of failure)!
Continue anyway?
The big kobold hits you with a +0 dagger.
You die...

..............###################
...............#
############...## ## ##...# .#
#####...## .# #........# .#
#......h.# .# #........# .#
#......K@# .### #......### .'.#
#......# .#)# ######## .#.# ##.#
#.######### #.....#...#
######.#.#'#######


You could see a big kobold and a friendly hound (summoned).

Vanquished Creatures
  A hound (D:4)
  An orc priest (D:3)
  An orc wizard (D:3)
  Terence (D:3)
  2 worms (D:2)
  A dart slug (D:1)
  3 leopard geckos
  4 orcs (D:3)
  A ball python (D:2)
  3 giant cockroaches
  6 goblins
  7 hobgoblins
  2 jackals (D:2)
  A quokka (D:2)
  4 bats
  A frilled lizard (D:1)
  A kobold (D:2)
  3 rats
43 creatures vanquished.

Vanquished Creatures (collateral kills)
  An ogre (D:4)
  3 adders
  A worm (D:2)
  A dart slug (D:2)
  4 orcs (D:3)
  A giant cockroach (D:2)
  2 goblins
  2 hobgoblins (D:1)
  A bat (D:3)
  A rat (D:3)
17 creatures vanquished.

Vanquished Creatures (others)
  An orc (D:3)
  8 plants
9 creatures vanquished.

Grand Total: 69 creatures vanquished

Notes
Turn   | Place    | Note
-------+----------+-------------------------------------------
     0 | D:1      | FishyPogo the Merfolk Summoner began the quest for the Orb.
     0 | D:1      | Reached XP level 1. HP: 13/13 MP: 3/3
   345 | D:1      | Reached XP level 2. HP: 19/19 MP: 5/5
  1119 | D:2      | Reached XP level 3. HP: 24/24 MP: 4/6
  1158 | D:2      | Reached skill level 1 in Polearms
  1158 | D:2      | Reached skill level 1 in Shields
  2280 | D:3      | Learned a level 3 spell: Call Canine Familiar
  2287 | D:3      | Reached XP level 4. HP: 30/30 MP: 5/7
  2682 | D:3      | Noticed Terence
  2947 | D:3      | Killed Terence
  2948 | D:3      | Reached XP level 5. HP: 28/35 MP: 8/8
  3568 | D:4      | Noticed an ogre
  3883 | D:4      | Found Ifaidghint's Book Shoppe.
  3966 | D:4      | Found Daseoxt's Book Shoppe.
  4075 | D:4      | Found Coqeuc's Assorted Antiques.
  4105 | D:4      | Killed an ogre
  4106 | D:4      | Reached skill level 5 in Summonings
  4219 | D:4      | Noticed a big kobold
  4224 | D:4      | Noticed an orc warrior
  4226 | D:4      | Noticed an ogre
  4281 | D:3      | Slain by a big kobold

Illustrated notes

Levels and vault maps discovered:
D:1:      dpeg_arrival_tiny_a, layout_basic, serial_bayou_ford_a,
          minmay_misc_feat_columns
D:2:      layout_loops_ring, minivault_5, minmay_misc_feat_chi, chequers_jeans,
          serial_bayou_lake_a
D:3:      cheibrodos_helix_gallery, layout_basic, uniq_terence
D:4:      layout_gridville, serial_shops, nicolae_shop_overgrown_old_shop, shop,
          shop, shop, minmay_manual_mess

Skill      XL: |  1  2  3  4  5 |
---------------+----------------+-----
Dodging        | 3 4 |  4.0
Polearms       | 1 |  1.0
Shields        | 1 2 |  2.8
Stealth        | 3 |  3.4
Summonings     | 5 |  5.1
Spellcasting   | |  2.0

Action                   |  1- 3 |  4- 6 || total
-------------------------+-------+-------++-------
Melee: Unarmed           |    16 |       ||    16
       Spear             |    36 |       ||    36
       Short sword       |    52 |    88 ||   140
 Cast: Summon Small Mamm |    28 |    15 ||    43
       Call Canine Famil |     1 |     5 ||     6
 Stab: Sleeping          |     7 |       ||     7
       Distracted        |     1 |     1 ||     2
Armor: Robe              |     1 |       ||     1
       Leather armour    |    12 |    15 ||    27
Dodge: Dodged            |    53 |    60 ||   113
Block: Buckler           |    12 |    14 ||    26
